 Dungeon Crawl Stone Soup version 0.23.0-3-gf3c87f2 (webtiles) character file.

Game seed: 11412959822180479125

165 Gazerockf the Magician (level 5, 0/42 HPs)
             Began as a Deep Elf Fire Elementalist on Feb 23, 2019.
             Succumbed to an adder's poison
             ... on level 3 of the Dungeon.
             The game lasted 00:16:48 (2275 turns).

Gazerockf the Magician (Deep Elf Fire Elementalist) Turns: 2275, Time: 00:16:49

Health: 0/42       AC:  3    Str: 10    XL:     5   Next: 22%
Magic:  2/14       EV: 13    Int: 21    God:
Gold:   116        SH:  0    Dex: 15    Spells: 10/14 levels left

rFire    + . .     SeeInvis .   h - +1 whip (holy)
rCold    . . .     Gourm    .   (no shield)
rNeg     . . .     Faith    .   a - +0 robe
rPois    .         Spirit   .   (no helmet)
rElec    .         Reflect  .   l - +0 cloak
rCorr    .         Harm     .   (no gloves)
MR       .....                  (no boots)
Stlth    ..........             (no amulet)
HPRegen  0.14/turn              k - ring of protection from fire
MPRegen  0.14/turn              (no ring)

@: berserking, lethally poisoned (0 -> -3), very slightly contaminated, very
quick
A: no striking features
a: no special abilities


You were on level 3 of the Dungeon.
You were not hungry.

You visited 1 branch of the dungeon, and saw 3 of its levels.

You collected 116 gold pieces.

Inventory:

Hand Weapons
 h - a +1 whip of holy wrath (weapon)
 m - a +2 antimagic hand axe
Armour
 a - a +0 robe (worn)
 b - a +0 robe
 l - a +0 cloak (worn)
Jewellery
 k - a ring of protection from fire (left hand)
Scrolls
 e - a scroll of fear {unknown}
 f - 4 scrolls of identify {unknown}
 g - 2 scrolls of fog {unknown}
 j - a scroll of random uselessness {unknown}
Comestibles
 c - 5 rations
 d - 2 chunks of flesh


   Skills:
 - Level 2.4 Dodging
 - Level 2.4 Stealth
 + Level 5.1 Spellcasting
 + Level 2.9 Conjurations
 + Level 4.7 Fire Magic


You had 10 spell levels left.
You knew the following spells:

 Your Spells              Type           Power        Failure   Level  Hunger
a - Flame Tongue          Conj/Fire      ###..        2%          1    None
b - Conjure Flame         Conj/Fire      ###.....     7%          3    ##.....

Your spell library contained the following spells:

 Spells                   Type           Power        Failure   Level  Hunger
 Throw Flame              Conj/Fire      ###...       3%          2    None
 Inner Flame              Hex/Fire       ###.....     12%         3    ##.....
 Sticky Flame             Conj/Fire      ###.....     22%         4    ####...
 Fireball                 Conj/Fire      ###.......   52%         5    #####..


Dungeon Overview and Level Annotations

Branches:
Dungeon (3/15)

Altars:


Message History

You miss the leopard gecko. The leopard gecko barely misses you.
You are too berserk!
You hit the leopard gecko.
You kill the leopard gecko!
You barely miss the orc.
* * * LOW HITPOINT WARNING * * *
You feel sick. The orc misses you.
You closely miss the orc. The orc hits you but does no damage.
You barely miss the orc. You hit the orc.
The orc is lightly wounded.
The orc hits you.
* * * LOW HITPOINT WARNING * * *
You barely miss the orc.
The orc is lightly wounded.
The orc hits you.
* * * LOW HITPOINT WARNING * * *
You closely miss the orc.
The orc is lightly wounded.
You die...

.........# ..........#
..........##############
.....(....#............#
..........#............#
.....<....#.............
.......>..'.............
..........###########...
######@### #... #o# #...
#r# #... #o# #...
######o####### #...
#..%..[....... +...
#.####...####. #...#
#...#


You could see 3 orcs and a rat.

Vanquished Creatures
  6 adders
  A gnoll (D:1)
  An ooze (D:2)
  4 worms (D:2)
  A dart slug (D:2)
  4 leopard geckos
  2 orcs (D:3)
  5 giant cockroaches
  10 goblins
  7 hobgoblins
  7 jackals
  5 kobolds
  4 quokkas
  A ball python (D:2)
  7 bats
  4 frilled lizards
  5 rats
74 creatures vanquished.

Vanquished Creatures (others)
  7 toadstools (D:1)
7 creatures vanquished.

Grand Total: 81 creatures vanquished

Notes
Turn   | Place    | Note
-------+----------+-------------------------------------------
     0 | D:1      | Gazerockf the Deep Elf Fire Elementalist began the quest
                  | for the Orb.
     0 | D:1      | Reached XP level 1. HP: 10/10 MP: 6/6
   243 | D:1      | Reached XP level 2. HP: 7/15 MP: 4/8
   504 | D:1      | Reached XP level 3. HP: 18/19 MP: 5/10
   834 | D:1      | Reached skill level 4 in Spellcasting
  1167 | D:2      | Reached XP level 4. HP: 8/24 MP: 4/12
  2166 | D:3      | Reached skill level 5 in Spellcasting
  2166 | D:3      | Reached XP level 5. HP: 21/28 MP: 1/14
  2226 | D:3      | Learned a level 3 spell: Conjure Flame
  2274 | D:3      | HP: 1/42 [orc (2)]
  2275 | D:3      | Succumbed to an adder's poison

Skill      XL: |  1  2  3  4 |
---------------+-------------+-----
Fire Magic     | 4 |  4.7
Spellcasting   | 4 5 |  5.1
Conjurations   | 2 |  2.9
Dodging        | |  2.4
Stealth        | |  2.4

Action                   |  1- 3 |  4- 6 || total
-------------------------+-------+-------++-------
Melee: Unarmed           |    10 |       ||    10
       Whip              |     3 |    22 ||    25
       Hand axe          |       |    29 ||    29
 Cast: Flame Tongue      |    49 |    68 ||   117
  Use: Potion            |       |     4 ||     4
 Stab: Sleeping          |     1 |       ||     1
  Eat: Chunk             |     1 |     3 ||     4
Armor: Robe              |    11 |    13 ||    24
Dodge: Dodged            |    37 |    35 ||    72
